 Dungeon Crawl Stone Soup version 0.16-a0-2040-g47efe85 (webtiles) character file.

2753 taraiph the Arsonist (level 9, -11/62 HPs)
             Began as a Salamander Fire Elementalist on Nov 11, 2014.
             Was an Initiate of Qazlal.
             Mangled by a two-headed ogre
             ... wielding a +0 giant club
              (15 damage)
             ... on level 7 of the Dungeon.
             The game lasted 00:41:00 (11134 turns).

taraiph the Arsonist (SaFE)                        Turns: 11134, Time: 00:41:00

Health: -11/62     AC:  9    Str:  9    XL:     9   Next: 41%
Magic:  18/18      EV: 11    Int: 18    God:    Qazlal [......]
Gold:   463        SH:  0    Dex: 14    Spells: 4 memorised, 1 level left

rFire  + . .     SeeInvis .     A - +1 morningstar
rCold  x . .     Clarity  .     e - +1 leather armour
rNeg   . . .     SustAb   .     (no shield)
rPois  +         Gourm    .     (no helmet)
rElec  .         Spirit   .     h - +2 cloak
rCorr  .         Warding  .     (no gloves)
rMut   .         Stasis   .     (no barding)
MR     ++...                    y - amulet of rage
Stlth  ++........               K - ring of protection from magic
                                P - ring of poison resistance

@: slow, very resistant to hostile enchantments, unstealthy
A: fiery attack, fire resistance 1, slowness 1, tough skin 2, cold vulnerability
1
a: Renounce Religion, Evoke Berserk Rage


You were on level 7 of the Dungeon.
You worshipped Qazlal.
Qazlal was noncommittal.
You were not hungry.

You visited 2 branches of the dungeon, and saw 9 of its levels.

You collected 463 gold pieces.

Inventory:

Hand weapons
 j - a +0 whip
 A - a +1 morningstar (weapon)
 N - a +0 quarterstaff
Missiles
 q - 18 poisoned needles
Armour
 e - a +1 leather armour (worn)
 h - a +2 cloak (worn)
Magical staves
 v - an uncursed staff of poison
Jewellery
 n - a +2 ring of evasion
 y - an amulet of rage (around neck)
 K - a ring of protection from magic (right hand)
 P - a ring of poison resistance (left hand)
Magical devices
 p - a wand of slowing (21)
 C - a wand of paralysis (8)
 G - a wand of draining (7)
 I - a wand of fire (10)
Scrolls
 f - 2 scrolls of teleportation
 o - 2 scrolls of remove curse
 u - a scroll of blinking {unknown}
 w - 2 scrolls of recharging
 L - 2 scrolls of identify
Potions
 a - a potion of might {unknown}
 d - 8 potions of curing
 g - a potion of magic
 l - 2 potions of brilliance
 r - 2 potions of haste {unknown}
 x - 2 potions of resistance
 B - a potion of berserk rage {unknown}
 F - a potion of poison {unknown}
 J - 2 potions of flight
 M - a potion of agility {unknown}
Books
 b - a book of Flames

   Spells                             Type                      Level
   *Flame Tongue                      Conjuration/Fire             1
   *Throw Flame                       Conjuration/Fire             2
   *Conjure Flame                     Conjuration/Fire             3
   Inner Flame                        Hexes/Fire                   3
   Sticky Flame                       Conjuration/Fire             4
   *Fireball                          Conjuration/Fire             5
 s - a book of Callings

   Spells                             Type                      Level
   Summon Small Mammal                Summoning                    1
   Call Imp                           Summoning                    2
   Call Canine Familiar               Summoning                    3
   Summon Guardian Golem              Hexes/Summoning              4
   Summon Lightning Spire             Summoning/Air                4
   Summon Ice Beast                   Ice/Summoning                4
 D - a book of Dreams

   Spells                             Type                      Level
   Ensorcelled Hibernation            Hexes/Ice                    2
   Flight                             Charms/Air                   3
   Phase Shift                        Translocation                5
   Shadow Creatures                   Summoning                    5
   Mass Confusion                     Hexes                        6
   Darkness                           Hexes                        7
 E - a book of the Warp

   Spells                             Type                      Level
   Control Teleport                   Charms/Translocation         4
   Phase Shift                        Translocation                5
   Warp Weapon                        Charms/Translocation         5
   Dispersal                          Translocation                6
   Controlled Blink                   Translocation                7
   Disjunction                        Translocation                8
Comestibles
 c - 2 bread rations
 i - 3 meat rations
 m - a slice of pizza
 t - a beef jerky
 z - a fruit
 H - a royal jelly


   Skills:
 - Level 2.0 Dodging
 - Level 2.1 Stealth
 - Level 2.1 Spellcasting
 * Level 8.2 Conjurations
 + Level 13.7 Fire Magic


You had one spell level left.
You knew the following spells:

 Your Spells              Type           Power        Failure   Level  Hunger
a - Flame Tongue          Conj/Fire      #####        1%          1    #......
b - Conjure Flame         Conj/Fire      #####...     1%          3    ###....
c - Fireball              Conj/Fire      #####.....   6%          5    ######.
d - Throw Flame           Conj/Fire      #####.       1%          2    ###....


Dungeon Overview and Level Annotations

Branches:
Dungeon (8/15)             Temple (1/1) D:7
   Lair: D:8-11

Altars:
Ashenzari
Cheibriados
Dithmenos
Elyvilon
Fedhas
Gozag
Kikubaaqudgha
Makhleb
Nemelex Xobeh
Okawaru
Qazlal
Ru
Sif Muna
Trog
Vehumet
Xom
Yredelemnul
Zin
The Shining One

Annotations:
D:5 taraiph's ghost, experienced SaFE
D:6 Natasha


Innate Abilities, Weirdness & Mutations

You cannot wear boots.
Your flesh is heat resistant.
You cover ground slowly.
You have very tough skin (AC +2).
You are vulnerable to cold.


Message History

Casting: Conjure Flame
Confirm with . or Enter, or press ? or * to list all spells.
Okay, then.
The warg is engulfed in roaring flames.
The two-headed ogre hits you with a giant club!
The two-headed ogre closely misses you.
The two-headed ogre hits you with a giant club! x2
There is a stone staircase leading up, spattered with blood here.
You climb upwards.
There is a stone staircase leading down here.
Drink which item? (? for menu, Esc to quit)
You feel much better.
The two-headed ogre hits you with a giant club!
The two-headed ogre hits you with a giant club.
Read which item? (? for menu, Esc to quit)
Okay, then.
The two-headed ogre hits you with a giant club!!
* * * LOW HITPOINT WARNING * * *
The two-headed ogre hits you with a giant club!
You die...

#.....#.....#......##....##...
#.....#.....#####+###....##...
#.....#.....#......###+####...
#.....#.....#............#....
#.....+.....+............+....
###'####.....#............#....
#............##'######....#....
#.......#####........#....##...
#.......# #.@O.....#....####'
#.......# #........#....#....
#.......# #.....>..'....'....
#.......# #........#....#....
#.......# #........##########
######### ##########


You could see a two-headed ogre.

Vanquished Creatures
  Pikel (D:6)
  A troll (D:7)
  An orc warrior (D:6)
  An ice beast (D:5)
  2 phantoms
  2 sky beasts (D:5)
  An ogre (D:4)
  Duvessa (D:7)
  A water moccasin zombie (D:6)
  7 jellies
  A scorpion (D:5)
  2 goliath beetles
  Dowan (D:7)
  4 crimson imps
  4 hounds
  3 orc priests
  An orc wizard (D:6)
  2 iguanas
  4 worker ants
  A hound skeleton (D:5)
  6 adders
  6 worms
  An orc zombie (D:7)
  3 oozes
  20 orcs
  10 bats
  A bat skeleton (D:5)
  10 goblins
  15 hobgoblins
  4 jackals (D:7)
  4 ball pythons
  2 giant cockroaches
  6 giant geckos
  8 giant newts
  A goblin skeleton (D:5)
  A hobgoblin skeleton (D:7)
  A hobgoblin zombie (D:7)
  10 kobolds
  6 quokkas
  9 rats
165 creatures vanquished.

Vanquished Creatures (others)
  3 slaves (D:6)
  2 jellies (D:6)
  An orc priest (D:6)
  A crimson imp (D:6)
  3 gnolls (D:6)
  An adder (D:6)
  An iguana skeleton (D:6)
  A giant gecko (D:6)
  2 orcs (D:6)
  A kobold (D:6)
  A quokka (D:6)
17 creatures vanquished.

Grand Total: 182 creatures vanquished

Notes
Turn   | Place    | Note
--------------------------------------------------------------
     0 | D:1      | taraiph, the Salamander Fire Elementalist, began the quest for the Orb.
     0 | D:1      | Reached XP level 1. HP: 14/14 MP: 3/3
   645 | D:1      | Reached XP level 2. HP: 20/20 MP: 3/5
  1046 | D:1      | Reached skill level 5 in Fire Magic
  1377 | D:2      | Reached XP level 3. HP: 26/26 MP: 5/7
  2329 | D:2      | Reached XP level 4. HP: 22/33 MP: 8/8
  2430 | D:2      | Learned a level 3 spell: Conjure Flame
  3218 | D:3      | Reached skill level 6 in Fire Magic
  3879 | D:4      | Reached XP level 5. HP: 32/38 MP: 6/11
  4019 | D:4      | Reached skill level 7 in Fire Magic
  4411 | D:4      | Noticed an ogre
  4427 | D:4      | Killed an ogre
  4427 | D:4      | Reached XP level 6. HP: 30/45 MP: 7/12
  4829 | D:5      | Entered Level 5 of the Dungeon
  5381 | D:5      | Noticed taraiph's ghost (experienced SaFE)
  5435 | D:5      | Reached skill level 8 in Fire Magic
  5699 | D:5      | Gained mutation: Your flesh is heat resistant. [salamander growth]
  5699 | D:5      | Gained mutation: You cover ground slowly. [salamander growth]
  5699 | D:5      | Reached XP level 7. HP: 25/50 MP: 8/14
  5879 | D:5      | Reached skill level 5 in Conjurations
  5879 | D:5      | Reached skill level 9 in Fire Magic
  6358 | D:5      | Reached skill level 10 in Fire Magic
  7027 | D:6      | Noticed Pikel
  7045 | D:6      | Killed Pikel
  7045 | D:6      | Reached skill level 11 in Fire Magic
  7045 | D:6      | Reached XP level 8. HP: 36/57 MP: 8/16
  7516 | D:6      | Got a polished ring mail
  7558 | D:6      | Identified the +4 ring mail of Minor Irritation {Dex-3} (You found it on level 6 of the Dungeon)
  7872 | D:6      | Noticed Natasha
  8021 | D:6      | Reached skill level 12 in Fire Magic
  8984 | D:6      | Reached XP level 9. HP: 52/62 MP: 18/18
  9480 | D:6      | Reached skill level 13 in Fire Magic
  9585 | D:6      | Learned a level 5 spell: Fireball
  9915 | D:7      | Found a staircase to the Ecumenical Temple.
  9923 | Temple   | Entered the Ecumenical Temple
 10081 | Temple   | Became a worshipper of Qazlal Stormbringer
 10285 | D:7      | Learned a level 2 spell: Throw Flame
 10617 | D:7      | Noticed Duvessa
 10620 | D:7      | Noticed Dowan
 10623 | D:7      | Killed Duvessa
 10631 | D:7      | Killed Dowan
 10721 | D:7      | Found a radiant altar of Vehumet.
 11134 | D:7      | Mangled by a two-headed ogre

Action                   |  1- 3 |  4- 6 |  7- 9 || total
-------------------------+-------+-------+-------++-------
Melee: Unarmed           |    17 |       |       ||    17
       Whip              |    78 |    31 |       ||   109
       Staff             |       |    43 |       ||    43
       Morningstar       |       |   118 |   391 ||   509
 Cast: Flame Tongue      |    60 |    58 |   125 ||   243
       Conjure Flame     |       |       |     5 ||     5
       Fireball          |       |       |     8 ||     8
Evoke: Wand              |       |       |     1 ||     1
  Use: Scroll            |       |     1 |    13 ||    14
       Potion            |       |       |     4 ||     4
 Stab: Sleeping          |       |       |     1 ||     1
  Eat: Chunk             |     5 |    11 |    13 ||    29
       Fruit             |       |     1 |     1 ||     2
       Meat ration       |       |       |     2 ||     2
